 Dungeon Crawl Stone Soup version 0.29.1-2-gbd0b4ee654 (webtiles) character file.

Game seed: 5752401468196640707

109 styxcanada the Sneak (level 4, -3/22 HPs)
             Began as a Spriggan Brigand on Nov 9, 2022.
             Slain by an orc
             ... wielding a +0 mace
              (6 damage)
             ... on level 3 of the Dungeon.
             The game lasted 00:09:42 (2689 turns).

styxcanada the Sneak (Spriggan Brigand)             Turns: 2689, Time: 00:09:43

Health: -3/22      AC:  3    Str:  7    XL:     4   Next: 59%
Magic:  5/5        EV: 17    Int: 12    God:
Gold:   197        SH:  0    Dex: 18    Spells: 3/3 levels left

rFire   . . .      SeeInvis +   p - +0 dagger (venom)
rCold   . . .      Faith    .   (no shield)
rNeg    . . .      Spirit   .   b - +0 robe
rPois   .          Reflect  .   (helmet restricted)
rElec   .          Harm     .   c - +0 cloak
rCorr   .          Rampage  .   (gloves unavailable)
Will    .....                   (boots unavailable)
Stlth   ++++......              (no amulet)
HPRegen 0.07/turn               (no ring)
MPRegen 0.09/turn               (no ring)

@: very quick
A: very small, no large weapons, unfitting armour, see invisible, speed 3
a: no special abilities


You were on level 3 of the Dungeon.
You visited 1 branch of the dungeon, and saw 3 of its levels.

You collected 197 gold pieces.

Inventory:

Hand Weapons
 a - a +2 dagger
 o - a +0 sling
 p - a +0 dagger of venom (weapon)
 u - the +4 hand axe "Tacyuf" {elec, SInv}
   (You found it on level 3 of the Dungeon)

   It occasionally discharges a powerful burst of electricity upon striking a
   foe.
   SInv:      It lets you see invisible.
Missiles
 d - 13 poisoned darts (quivered)
 e - 3 curare-tipped darts
 h - 5 atropa-tipped darts
 k - 24 stones
 m - 2 boomerangs
Armour
 b - a +0 robe (worn)
 c - a +0 cloak (worn)
Jewellery
 v - a ring of resist corrosion
Wands
 n - a wand of iceblast (9)
Scrolls
 f - a scroll of teleportation {unknown}
 i - a scroll of fear {unknown}
 l - a scroll of brand weapon {unknown}
 q - a scroll of identify {unknown}
 r - a scroll of vulnerability {unknown}
 s - 2 scrolls of amnesia {unknown}
Potions
 g - a potion of haste {unknown}
 j - a potion of berserk rage {unknown}
 t - a potion of flight {unknown}


   Skills:
 * Level 1.6 Fighting
 + Level 2.9 Short Blades
 + Level 2.2 Throwing
 * Level 2.6 Dodging
 * Level 7.8 Stealth
 * Level 1.2 Evocations


You had 3 spell levels left.
You didn't know any spells.
Your spell library contained the following spells:

 Spells                   Type           Power      Damage    Failure   Level
 Summon Guardian Golem    Hex/Summ       0%         N/A       69%         3
 Orb of Destruction       Conj           0%         9d5       100%        7
 Spellforged Servitor     Conj/Summ      0%         N/A       100%        7


Dungeon Overview and Level Annotations

Branches:
Dungeon (3/15)

Altars:
Okawaru


Innate Abilities, Weirdness & Mutations

You are very small and have problems with some larger weapons.
You are too small for most types of armour.
You have supernaturally acute eyesight. (SInv)
You cover ground extremely quickly. (Speed+++)


Message History

The adder is moderately wounded.
The adder closely misses you.
You hit the adder.
The adder looks even sicker.
The adder is heavily wounded.
The adder completely misses you. The adder bites you.
* * * LOW HITPOINT WARNING * * *
The jackal bites you.
* * * LOW HITPOINT WARNING * * *
There is a stone staircase leading up here.
You kill the adder!
Your Evocations skill increases to level 1!
You completely miss the jackal. The jackal misses you.
You hit the jackal.
The jackal is poisoned.
The jackal is lightly wounded.
The jackal barely misses you.
You hit the jackal.
You kill the jackal!
Throw: 16 darts (poison)
Press: ? - help, Q - select action, (/) - cycle Shift-Dir - straight line, f - orc
Aim: an orc, wielding a +0 mace (62% to hit)
You throw a poisoned dart.
The poisoned dart closely misses the orc.
Unknown command.
Found a fuming inky potion.
Throw: 15 darts (poison)
Press: ? - help, Q - select action, (/) - cycle Shift-Dir - straight line, f/p - orc
Aim: an orc, wielding a +0 mace (62% to hit)
You throw a poisoned dart.
The poisoned dart closely misses the orc.
Unknown command.
A ball python comes into view.
Throw: 14 darts (poison)
Press: ? - help, Q - select action, (/) - cycle Shift-Dir - straight line, f/p - orc
Aim: an orc, wielding a +0 mace (62% to hit)
You throw a poisoned dart. The poisoned dart hits the orc.
The orc is poisoned.
The dart slug launches a dart at you. The slug dart misses you.
The orc hits you with a +0 mace.
You die...

#..w.$.....♣~♣~♣. . #!#
#.....~~.♣.. .. #.#
#.....##~~≈# .S.######.#
#.......~~.. #........#
#.....#.~... ##........#
#.....##~...
..........####.....###.≈~
........o(...(######.~~~~
.....[..@####(# #####.
.........w..#.# ##
..........(<..# #
...........#### #
#............# #
#........#...# #
#........##### ##
+.###..### #. # ##. #.


You could see a dart slug, an orc (poisoned) and a ball python (asleep).

Vanquished Creatures
  2 adders
  3 dart slugs
  2 ball pythons (D:2)
  2 bats
  4 endoplasms (D:1)
  3 giant cockroaches
  7 goblins
  9 hobgoblins
  16 jackals
  5 quokkas
  4 frilled lizards (D:1)
  12 kobolds
  2 rats
71 creatures vanquished.

Vanquished Creatures (others)
  10 plants (D:2)
10 creatures vanquished.

Grand Total: 81 creatures vanquished

Notes
Turn   | Place    | Note
-------+----------+-------------------------------------------
     0 | D:1      | styxcanada the Spriggan Brigand began the quest for the
                  | Orb.
     0 | D:1      | Reached XP level 1. HP: 10/10 MP: 2/2
    43 | D:1      | Reached skill level 6 in Stealth
   171 | D:1      | Reached XP level 2. HP: 10/14 MP: 3/3
   612 | D:1      | Reached skill level 7 in Stealth
   957 | D:1      | Reached XP level 3. HP: 18/18 MP: 4/4
  1996 | D:2      | Found a faded altar of an unknown god.
  2085 | D:2      | Reached XP level 4. HP: 22/22 MP: 5/5
  2531 | D:3      | Identified the +4 hand axe "Tacyuf" {elec, SInv}
  2606 | D:3      | Found an iron altar of Okawaru.
  2677 | D:3      | Reached skill level 1 in Evocations
  2689 | D:3      | Slain by an orc

Illustrated notes

Levels and vault maps discovered:
D:1:      dpeg_arrival_houses_and_road, layout_basic, minmay_heptomino_h4
D:2:      layout_basic, shapermc_ecumenical_altar_mp_ritualfount,
          minmay_misc_feat_rows, serial_bayou_lake_a
D:3:      layout_basic, nicolae_vehumet_altar_sigil, okawaru_metal_pillars_3,
          chequers_serial_rivers_marsh, uniq_ijyb, uniq_crazy_yiuf_cottage

Skill      XL: |  1  2  3  4 |
---------------+-------------+-----
Stealth        | 6 7 |  7.8
Dodging        | 2 |  2.6
Evocations     | 1 |  1.2
Fighting       | |  1.6
Short Blades   | |  2.9
Throwing       | |  2.2

Action                   |  1- 3 |  4- 6 || total
-------------------------+-------+-------++-------
Melee: Dagger            |   134 |    83 ||   217
       Punch             |     1 |       ||     1
Throw: Dart              |    13 |     4 ||    17
 Stab: Sleeping          |    10 |     7 ||    17
Armor: Robe              |    16 |     9 ||    25
Dodge: Dodged            |    94 |    61 ||   155
